AoeStats
← NPG | FishCL

Nomad

508338890Analyzed
3v3 RM · 10d ago on Sep 22, 2026· 29m 40s· 6 players
Game mode
Random Map
Map size
210×210
Population
200
Speed
Normal
Resources
Standard
Victory
Conquest
Starting age
Dark Age
Ending age
Imperial Age
RankedLock teamsTeams togetherTeam positionsShared explorationLock speedFull tech treeHidden civsTurbo modeCheats
Victory
Defeat
🇨🇱 Italians · Chile
1603
+9
🇨🇱 Armenians · Chile
1553
+11
🇨🇱 Wei · Chile
1424
+17
🇨🇦 Chinese · Canada
1491
-14
🇨🇦 Teutons · Canada
1436
-12
🇨🇦 Franks · Canada
1407
-11
NPG | DR@CA
4:40 Loom
12:03 Feudal Age
12:32 Double-Bit Axe
22:13 Castle Age
20:21 Gold Mining
29:22 Wheelbarrow
29:08 Fishing Lines
NPG | FishCL
5:06 Loom
13:18 Feudal Age
13:54 Double-Bit Axe
14:06 Fishing Lines
16:54 Castle Age
15:08 Stone Mining
17:28 Gillnets
18:01 Bow Saw
19:56 Horse Collar
21:48 Gold Mining
23:40 Wheelbarrow
23:46 Scale Barding Armor
24:01 Gold Mining
25:07 Chain Barding Armor
25:21 Fletching
28:29 Hand Cart
28:24 Town Watch
28:45 Bodkin Arrow
29:13 Padded Archer Armor
32:45 Imperial Age
AiM | PoRRo
4:48 Loom
14:16 Feudal Age
18:21 Castle Age
17:32 Double-Bit Axe
19:00 Fletching
20:04 Bodkin Arrow
26:43 Town Watch
SneakyStab
3:20 Loom
13:07 Feudal Age
17:16 Castle Age
19:13 Double-Bit Axe
19:20 Fletching
26:47 Bodkin Arrow
what do
5:04 Loom
13:05 Feudal Age
20:56 Castle Age
19:29 Double-Bit Axe
21:56 Bow Saw
Testicouille
5:08 Loom
15:28 Feudal Age
16:48 Double-Bit Axe
19:32 Castle Age
18:07 Town Watch
19:29 Scale Barding Armor
20:58 Wheelbarrow
21:13 Bow Saw
21:40 Bloodlines
21:45 Forging
27:29 Hand Cart
Connection lost

Rejoining the realm…

Still unreachable

The connection could not be restored.

Session expired

The server has moved on; the page needs a fresh start.